[Event "Team 45 45 League T30"]
[Site "Internet Chess Club"]
[Date "2006.04.17"]
[Round "4"]
[White "rayngrant"]
[Black "Spady"]
[Result "1-0"]
[WhiteElo "1639"]
[BlackElo "1598"]
[TimeControl "2700+45"]

1. e4 c5 2. Nf3 d6 3. d4 cxd4 4. Nxd4 Nf6 5. Nc3 a6 6. Bg5 e6 7. f4 Be7 8. Qf3
Nbd7 9. O-O-O O-O 10. Bc4 b5 11. Nc6 Qe8 12. Nxe7+ Qxe7 13. e5 Nb6 14. exf6 Qc7
15. Bd3 g6 16. Qh3 Kh8 17. Bh6 Rg8 18. Ne4 e5 19. g4 Be6 20. Ng5 Rac8 21. Bg7+
Rxg7 22. fxg7+ Kxg7 23. Qxh7+ Kf6 24. Nxe6 Kxe6 25. f5+ Kd5 26. fxg6 fxg6 27.
Qxc7 {Black resigns} 1-0  aics%

[Event "Team 45 45 League T30"]
[Site "Internet Chess Club"]
[Date "2006.04.13"]
[Round "4"]
[White "TaintedRogue"]
[Black "mfunk"]
[Result "1-0"]
[WhiteElo "1582"]
[BlackElo "1540"]
[TimeControl "2700+45"]

1. c4 e5 2. Nc3 Nf6 3. Nf3 Nc6 4. g3 Bb4 5. Qb3 Bxc3 6. Qxc3 d6 7. Bg2 O-O 8.
O-O Bf5 9. d3 Qd7 10. Re1 Rae8 11. b4 e4 12. b5 Ne5 13. Nd4 exd3 14. f4 Neg4 15.
Bxb7 Be4 16. Bxe4 Nxe4 17. Qxd3 Ngf2 18. Qf3 Qh3 19. Qg2 Qh5 20. Nf3 Nh3+ 21.
Kf1 Nf6 22. Bb2 Ng4 23. Bd4 Ne3+ 24. Bxe3 Rxe3 25. Nd4 Rfe8 26. Qc6 R3e4 27.
Rad1 Nxf4 28. gxf4 Qxh2 29. Nf3 Qxf4 30. Rd4 h6 31. Qxe8+ {Black resigns} 1-0 
aics%

[Event "Team 45 45 League T30"]
[Site "Internet Chess Club"]
[Date "2006.04.14"]
[Round "4"]
[White "alaskauk"]
[Black "Mutaant"]
[Result "1-0"]
[WhiteElo "1466"]
[BlackElo "1403"]
[TimeControl "2700+45"]

1. e4 e5 2. Nf3 Nc6 3. Bc4 Bc5 4. c3 Qf6 5. O-O Nge7 6. b4 Bb6 7. Na3 a6 8. Nc2
d6 9. Ne3 O-O 10. Bd5 a5 11. Bxc6 bxc6 12. Bb2 Ba6 13. Re1 c5 14. bxc5 Bxc5 15.
d4 exd4 16. cxd4 Bb4 17. Nd2 Qf4 18. a3 Bxd2 19. Qxd2 Bb7 20. Qc3 Qxe4 21. f3
Qg6 22. Nf1 Nd5 23. Qd2 Nb6 24. Qf2 Nc4 25. Rab1 Rae8 26. Ng3 Rxe1+ 27. Rxe1 Qd3
28. Bc1 h6 29. Nh5 Qg6 30. Nf4 Qf5 31. Qg3 Qf6 32. d5 g5 33. Nh3 Bxd5 34. f4 Be6
35. fxg5 hxg5 36. Rf1 Qd4+ 37. Kh1 Bxh3 38. Qxh3 f6 39. Qf5 Qe5 40. Qg6+ Kh8 41.
Qh6+ Kg8 42. h3 Qe7 43. Qg6+ Qg7 44. Qd3 Qf7 45. Bxg5 Ne5 46. Qg3 Qg6 47. Qb3+
Kg7 48. Bd2 Ra8 49. Qb7 Qd3 50. Qxc7+ Kg6 51. Qc1 Nc4 52. Re1 Qxd2 53. Qb1+ Kf7
54. Qh7+ Kf8 55. Rf1 Qg5 56. Qh8+ Qg8 57. Qxf6+ Ke8 58. Re1+ Kd7 59. Qf5+ Kc6
60. Rc1 Qd5 61. Qc2 Kc5 62. Qf2+ Kc6 63. Qf1 Kc5 64. Rd1 Qe4 65. Rc1 d5 66. Qf2+
Qe3 67. Rxc4+ Kxc4 68. Qxe3 Rb8 69. Qc1+ Kd3 70. Qd1+ Ke4 71. h4 d4 72. Qe1+ Kd5
73. Qxa5+ Ke4 74. Qe1+ Kd5 75. h5 d3 76. Qe3 Rb3 77. h6 Kc4 78. Qd2 Rxa3 79. h7
Ra8 80. Qf4+ Kc3 81. Qc1+ Kb3 82. Qb1+ Kc4 83. Qb2 {Black resigns} 1-0  aics%

[Event "Team 45 45 League T30"]
[Site "Internet Chess Club"]
[Date "2006.04.15"]
[Round "4"]
[White "hansolo1000"]
[Black "Zzasrix"]
[Result "1-0"]
[WhiteElo "1704"]
[BlackElo "1564"]
[TimeControl "2700+45"]

1. d4 Nf6 2. c4 g6 3. Nc3 Bg7 4. e4 O-O 5. Nge2 d6 6. Ng3 c5 7. d5 Bd7 8. Be2
Na6 9. O-O Rb8 10. Be3 Nc7 11. a4 a6 12. Rb1 b5 13. a5 bxc4 14. Bxc4 Nb5 15. e5
dxe5 16. Bxc5 Nxc3 17. bxc3 Bb5 18. Bxb5 Rxb5 19. Rxb5 axb5 20. d6 exd6 21. Bxd6
Re8 22. Bb4 Nd5 23. Ne4 Nxb4 24. cxb4 f5 25. Qb3+ Kh8 26. Rd1 Qb8 27. Nd6 Re7
28. Nf7+ Kg8 29. Rd8+ Qxd8 30. Nxd8+ Kf8 31. Ne6+ Ke8 32. Nxg7+ Rxg7 33. Qe6+
Re7 34. Qc6+ Kd8 35. Qxb5 Rc7 36. g3 f4 37. gxf4 exf4 38. Qg5+ Ke8 39. Qxf4
{Black resigns} 1-0  aics%

[Event "Team 45 45 League T30"]
[Site "Internet Chess Club"]
[Date "2006.04.16"]
[Round "4"]
[White "Pawndemonium"]
[Black "GadsHill"]
[Result "1-0"]
[WhiteElo "1450"]
[BlackElo "1554"]
[TimeControl "2700+45"]

1. Nf3 d5 2. g3 Nf6 3. Bg2 c6 4. O-O Bg4 5. d3 Nbd7 6. a4 e6 7. Bd2 Bd6 8. b4 b6
9. c4 O-O 10. b5 Rc8 11. Nc3 dxc4 12. dxc4 c5 13. Bg5 Qc7 14. Qd2 Be7 15. Rfd1
Rfd8 16. Bf4 e5 17. Qe3 exf4 18. Qxe7 fxg3 19. hxg3 Be6 20. Ng5 Bxc4 21. Bd5
Nxd5 22. Qxf7+ Kh8 23. Nxd5 Qe5 24. Qh5 Qf5 25. Nf7+ Qxf7 26. Qxf7 Nf6 27. Nxf6
Bxf7 28. Ne4 Bb3 29. Rd6 Rxd6 30. Nxd6 Rf8 31. e4 h6 32. e5 Kg8 33. f4 c4 34. e6
c3 35. e7 Rb8 36. e8=Q+ Rxe8 37. Nxe8 Kf7 38. Nd6+ Ke6 39. Nc8 c2 40. Nxa7 Bxa4
41. Kf2 Kd5 42. Ke3 Kc4 43. Kd2 Kb3 44. Rxa4 Kxa4 45. Kxc2 Kb4 46. Kd3 Kc5 47.
Ke4 Kd6 48. Nc8+ Kc5 49. Nxb6 Kxb6 50. Kf5 Kxb5 51. Kg6 Kc6 52. Kxg7 Kd6 53.
Kxh6 Ke6 54. g4 Kf7 55. g5 Kg8 56. f5 Kh8 57. f6 Kg8 58. f7+ Kf8 59. Kh7 Kxf7
60. g6+ Kf8 61. g7+ {Black resigns} 1-0  aics%

[Event "Team 45 45 League T30"]
[Site "Internet Chess Club"]
[Date "2006.04.13"]
[Round "4"]
[White "Cantemir"]
[Black "LIVVI"]
[Result "1-0"]
[WhiteElo "1543"]
[BlackElo "1441"]
[TimeControl "2700+45"]

1. e3 Nf6 2. c4 e6 3. d4 b6 4. Nf3 Bb7 5. Be2 d6 6. Nc3 Be7 7. d5 O-O 8. O-O
exd5 9. cxd5 Nbd7 10. Bb5 Nc5 11. b4 Nce4 12. Nxe4 Nxe4 13. Bb2 f5 14. Rc1 Rc8
15. Bc6 Bxc6 16. dxc6 Bf6 17. Nd4 Bxd4 18. Bxd4 Qe7 19. f3 Ng5 20. b5 Rce8 21.
Qa4 Ne6 22. Qc4 Rf7 23. Bb2 Qg5 24. Rce1 Qg6 25. Re2 Kf8 26. Rfe1 Qg5 27. Kf1 h5
28. h4 Qg3 29. Rf2 g5 30. hxg5 Qxg5 31. Ke2 Qg3 32. Rh1 f4 33. Rh3 Qg5 34. e4 h4
35. a4 Rh7 36. Qc3 Rh5 37. Qf6+ Qxf6 38. Bxf6 d5 39. e5 Nc5 40. Kf1 d4 41. Bxh4
Kf7 42. Bf6 Rxh3 43. gxh3 Nxa4 44. Ra2 Nc3 45. Rxa7 Nxb5 46. Ra4 Re6 47. h4 Kg6
48. Kf2 Rxc6 49. Rb4 Rc2+ 50. Ke1 d3 51. Rxb5 Rh2 52. Rd5 d2+ 53. Rxd2 Rxd2 54.
Kxd2 c6 55. Bg5 b5 56. Bxf4 c5 57. Kc3 Kf5 58. Bg3 Ke6 59. f4 Kd5 60. h5 b4+ 61.
Kb3 c4+ 62. Kxb4 Kd4 63. Bf2+ Kd3 64. Be1 c3 65. Bxc3 Ke4 66. e6 Kxf4 67. h6 Kf5
68. e7 Kg6 69. Bg7 Kf7 70. Bf8 Kg8 71. e8=Q Kh7 72. Qf7+ Kh8 73. Qg7# {Black
checkmated} 1-0  aics%

[Event "Team 45 45 League T30"]
[Site "Internet Chess Club"]
[Date "2006.04.16"]
[Round "4"]
[White "Relapse"]
[Black "Patrook"]
[Result "1-0"]
[WhiteElo "1410"]
[BlackElo "1507"]
[TimeControl "2700+45"]

1. Nf3 g6 2. g3 Bg7 3. Bg2 d6 4. d4 c6 5. O-O Nf6 6. c4 Nbd7 7. Nc3 O-O 8. Re1
Re8 9. Rb1 Qc7 10. b4 e5 11. d5 cxd5 12. Nxd5 Nxd5 13. cxd5 Nf6 14. e4 Bd7 15.
Be3 Nxe4 16. Rc1 Qd8 17. Rc4 Nf6 18. Qd2 b6 19. Bg5 Bb5 20. Rh4 Qd7 21. Bh3 Qb7
22. Bxf6 Bxf6 23. Ng5 Bxg5 24. Qxg5 Rf8 25. Qh6 f5 26. g4 fxg4 27. Bxg4 Qg7 28.
Be6+ Kh8 29. Qxg7+ Kxg7 30. Re3 Rad8 31. Rc3 Kh8 32. Rc7 h5 33. Rxa7 Ra8 34. Rb7
Ra6 35. Rh3 Be2 36. Rg3 Rf6 37. Rc3 Rf8 38. Rcc7 {Black resigns} 1-0  aics%

[Event "Team 45 45 League T30"]
[Site "Internet Chess Club"]
[Date "2006.04.15"]
[Round "4"]
[White "LeifEricson"]
[Black "Knight77"]
[Result "0-1"]
[WhiteElo "1871"]
[BlackElo "1786"]
[TimeControl "2700+45"]

1. c4 Nf6 2. b4 e6 3. Qb3 Be7 4. f4 a5 5. b5 d5 6. e3 Nbd7 7. d4 Ne4 8. c5 Bxc5
9. dxc5 Qh4+ 10. g3 Nxg3 11. hxg3 Qxh1 12. Ne2 O-O 13. Qc3 b6 14. c6 Nc5 15. Nd2
e5 16. Ba3 Bh3 17. Bxc5 bxc5 18. Qxc5 exf4 19. gxf4 Rfe8 20. a4 d4 21. Qxd4 Rad8
22. Qc3 Rxd2 23. Kxd2 Bxf1 24. Qd3 Qf3 25. Re1 h5 26. f5 h4 27. e4 Qg2 28. Ke3
h3 29. Rxf1 Qxf1 30. Nf4 Qg1+ {White resigns} 0-1  aics%  MaX40(71): pero bueno
aics%

[Event "Team 45 45 League T30"]
[Site "Internet Chess Club"]
[Date "2006.04.17"]
[Round "4"]
[White "tammany"]
[Black "scyther314159"]
[Result "1-0"]
[WhiteElo "1611"]
[BlackElo "1611"]
[TimeControl "2700+45"]

1. e4 e5 2. Nf3 Nc6 3. Bb5 a6 4. Ba4 Nf6 5. O-O b5 6. Bb3 Bb7 7. c3 Nxe4 8. Re1
Nc5 9. Nxe5 Nxe5 10. Rxe5+ Ne6 11. Qg4 Qf6 12. d4 O-O-O 13. Bxe6 fxe6 14. h3 h6
15. Nd2 Bd6 16. Ne4 Bxe4 17. Rxe4 Rdf8 18. Be3 c6 19. a4 b4 20. cxb4 Bxb4 21.
Qe2 a5 22. Bd2 Bxd2 23. Qxd2 Qd8 24. b4 Rf5 25. Rc1 Qb6 26. b5 Rhf8 27. bxc6
Rxf2 28. cxd7+ Kxd7 29. Qc3 Qb7 30. Qxa5 Qxe4 31. Rc7+ Ke8 32. Qb5+ Qc6 33.
Qxc6+ Kd8 34. Qd7# {Black checkmated} 1-0  aics%

[Event "Team 45 45 League T30"]
[Site "Internet Chess Club"]
[Date "2006.04.17"]
[Round "4"]
[White "CSIstephers"]
[Black "dougmo"]
[Result "1/2-1/2"]
[WhiteElo "1380"]
[BlackElo "1511"]
[TimeControl "2700+45"]

1. e4 e6 2. d4 d5 3. Nd2 Be7 4. e5 c5 5. c3 cxd4 6. cxd4 Nc6 7. Ngf3 Qb6 8. Nb3
Bd7 9. Be2 Rc8 10. Be3 Nb4 11. O-O Nc2 12. Rc1 Nxe3 13. fxe3 Nh6 14. Qd3 O-O 15.
e4 dxe4 16. Qxe4 Bc6 17. Qd3 Nf5 18. Nfd2 Bd5 19. Bf3 Bxf3 20. Nxf3 Rfd8 21. Qe4
Rxc1 22. Rxc1 a5 23. Rc2 a4 24. Nc5 Bxc5 25. dxc5 Qc6 26. Qxc6 bxc6 27. h3 Ne3
28. Rc3 Nd5 29. Ra3 Rb8 30. Rxa4 h6 31. b3 Nc3 32. Ra6 Ne2+ 33. Kf2 Nc3 34. Rxc6
Nxa2 35. Rb6 Rc8 36. c6 Nc3 37. Nd4 Nd5 38. Rb7 Kf8 39. Nb5 Rxc6 40. Nd6 f5 41.
Rb8+ Ke7 42. Re8+ Kd7 43. Rb8 Rb6 44. Rxb6 Nxb6 45. Ke3 Nd5+ 46. Kd4 g5 47. g3
f4 48. gxf4 Nxf4 49. Nf7 Nxh3 50. Nxh6 Nf4 51. Ng4 Kc6 52. Kc4 Kb6 53. Kb4 Nd5+
54. Kc4 Nf4 {Game drawn by mutual agreement} 1/2-1/2  aics%

[Event "Team 45 45 League T30"]
[Site "Internet Chess Club"]
[Date "2006.04.18"]
[Round "4"]
[White "Two-DogMan"]
[Black "Ikkos"]
[Result "0-1"]
[WhiteElo "1395"]
[BlackElo "1382"]
[TimeControl "2700+45"]

1. e4 c5 2. c4 Nc6 3. Nf3 g6 4. Nc3 Bg7 5. Be2 Nf6 6. O-O d6 7. d3 O-O 8. Rb1 a6
9. b3 Ng4 10. Nd5 e6 11. Ne3 Nge5 12. Bb2 b5 13. d4 Nxf3+ 14. Bxf3 Nxd4 15. Nc2
Nxf3+ 16. Qxf3 Bxb2 17. Rxb2 Rb8 18. Ne1 bxc4 19. Qc3 cxb3 20. Rxb3 Rxb3 21.
axb3 Bb7 22. f3 Qb6 23. Kh1 Qb5 24. Rg1 Rb8 25. Qe3 Bc6 26. Qh6 Qxb3 27. h4 Qc3
28. h5 Rb1 29. Qg5 f6 30. Qg3 Qe5 31. Qxe5 fxe5 32. hxg6 hxg6 33. Nc2 Rxg1+ 34.
Kxg1 d5 35. exd5 exd5 36. Kf2 d4 37. Ke2 c4 38. Nb4 Bb5 39. Nd5 c3+ 40. Kd1 a5
41. Kc1 Bc4 42. Nb6 Bb3 43. Nd7 d3 44. Nxe5 d2+ 45. Kb1 d1=Q# {White checkmated}
0-1  aics%

[Event "Team 45 45 League T30"]
[Site "Internet Chess Club"]
[Date "2006.04.15"]
[Round "4"]
[White "searchforbobby1"]
[Black "Zillmer"]
[Result "0-1"]
[WhiteElo "2101"]
[BlackElo "1897"]
[TimeControl "2700+45"]

1. e4 e5 2. d4 exd4 3. Qxd4 Nc6 4. Qe3 Nf6 5. Nc3 Bb4 6. Bd2 O-O 7. O-O-O Qe7 8.
Bd3 d6 9. Qg3 Re8 10. f4 a6 11. h4 Bg4 12. Nf3 h5 13. Rde1 Qd7 14. Ng5 b5 15. a3
Bc5 16. e5 dxe5 17. fxe5 Nd5 18. Rhf1 Re7 19. Nce4 Bd4 20. e6 fxe6 21. Nf2 Nf6
22. Nxg4 Nxg4 23. Qf4 Nf6 24. Ne4 Qd5 25. Kb1 Rf8 26. Ng5 Be5 27. Qf2 Qd6 28.
Qe2 Bg3 29. Qxh5 Qxd3 30. cxd3 Nxh5 31. Rxf8+ Kxf8 32. Nxe6+ Kg8 33. Re4 Nf6 34.
Re2 Bxh4 35. Nd4 Rxe2 36. Nxe2 Nd5 37. Kc2 Kf7 38. d4 Ke6 39. Kd3 Kf5 40. g3 Bf6
41. Be1 Bg5 42. Bf2 Nf6 43. Be1 Kg4 44. b3 Kf3 45. a4 Nd5 46. Ng1+ Kg2 47. Ke4
Nf6+ 48. Kf5 Be3 49. axb5 axb5 50. g4 Nxd4+ 51. Kg6 Nxg4 {White resigns} 0-1 
aics%

[Event "Team 45 45 League T30"]
[Site "Internet Chess Club"]
[Date "2006.04.17"]
[Round "4"]
[White "houthakker"]
[Black "Burning-Bush"]
[Result "0-1"]
[WhiteElo "2042"]
[BlackElo "2077"]
[TimeControl "2700+45"]

1. d4 c5 2. d5 e6 3. Nc3 a6 4. a4 d6 5. e4 exd5 6. Nxd5 Nc6 7. Nf3 h6 8. Bc4 Nf6
9. Qe2 Bg4 10. h3 Nd4 11. Qd3 Nxf3+ 12. gxf3 Be6 13. a5 Be7 14. Rg1 Kf8 15. Nb6
Bxc4 16. Qxc4 Rb8 17. Bf4 Nd7 18. Nd5 g5 19. Bh2 Rg8 20. Rd1 Rg6 21. f4 b5 22.
axb6 Nxb6 23. Nxb6 Qxb6 24. f5 Rf6 25. e5 d5 26. Rxd5 Rxf5 27. b3 Qa5+ 28. Kf1
Rb4 29. Qc3 Qb5+ 30. Kg2 Qe2 31. Bg3 Qe4+ {White resigns} 0-1

[Event "Team 45 45 League T30"]
[Site "Internet Chess Club"]
[Date "2006.04.17"]
[Round "4"]
[White "Sergio56"]
[Black "chsrules88"]
[Result "1-0"]
[WhiteElo "1914"]
[BlackElo "1895"]
[TimeControl "2700+45"]

1. e4 e5 2. Nf3 Nc6 3. Bb5 a6 4. Bxc6 dxc6 5. O-O Bg4 6. h3 Bxf3 7. Qxf3 Bd6 8.
d3 Qf6 9. Nd2 O-O-O 10. Re1 Qxf3 11. Nxf3 f6 12. Be3 h5 13. d4 Re8 14. dxe5 Bxe5
15. Nxe5 Rxe5 16. f3 g5 17. Rad1 Nh6 18. Kf2 Nf7 19. Rd3 Rd8 20. Red1 Re6 21.
Rxd8+ Nxd8 22. h4 g4 23. Rh1 Nf7 24. Bf4 gxf3 25. gxf3 Ne5 26. Rg1 Re7 27. Bxe5
Rxe5 28. Rg6 f5 29. Rg5 Rc5 30. c3 Rb5 31. b4 fxe4 32. Rxb5 cxb5 33. fxe4 Kd7
34. Kf3 Ke6 35. Kf4 Kf6 36. e5+ Ke6 37. Ke4 b6 38. a3 c6 39. Kf4 a5 40. Ke4 c5
41. Kf4 c4 42. Ke4 Ke7 43. Kf5 Kf7 44. e6+ Ke7 45. Ke5 Ke8 46. Kf6 Kf8 47. Kg6
Ke7 48. Kxh5 Kxe6 49. Kg6 axb4 50. axb4 Kd5 51. Kf5 Kd6 52. h5 Ke7 53. Ke5 Kd7
54. h6 Kc6 55. h7 Kc7 56. h8=Q Kb7 57. Kd6 Ka7 58. Kc6 {Black resigns} 1-0 
aics%

[Event "Team 45 45 League T30"]
[Site "Internet Chess Club"]
[Date "2006.04.15"]
[Round "4"]
[White "elnik"]
[Black "NFork"]
[Result "1/2-1/2"]
[WhiteElo "1942"]
[BlackElo "2142"]
[TimeControl "2700+45"]

1. d4 Nf6 2. c4 g6 3. Nc3 d5 4. cxd5 Nxd5 5. Nf3 Bg7 6. Qb3 Nxc3 7. bxc3 c5 8.
e3 O-O 9. Be2 Nc6 10. O-O cxd4 11. cxd4 e5 12. Ba3 Re8 13. Nxe5 Nxe5 14. dxe5
Bxe5 15. Rad1 Qc7 16. h3 Be6 17. Qb1 Qa5 18. Bb2 Bxa2 19. Qa1 Bxb2 20. Qxb2 Bd5
21. Rd4 Be4 22. Bc4 Rad8 23. Ra1 Qg5 24. Bf1 Rxd4 25. Qxd4 a6 26. Qa4 Bc6 27.
Qc2 Qe5 28. Rd1 a5 29. Rd4 a4 30. Bc4 Kg7 31. Qa2 Re7 32. Rf4 f5 33. Rd4 Rd7 34.
Qd2 Qe7 35. Qc3 Qf6 36. Rxd7+ Bxd7 37. Qb4 Bc6 38. Qc5 h5 39. Kh2 f4 40. exf4
Qxf4+ 41. Kg1 Qc1+ 42. Kh2 Qf4+ 43. Kg1 Qf6 44. Qa5 Qe7 45. Qc3+ Kh7 46. Ba2 Qe4
47. f3 Qf4 48. Qc5 Qf6 49. Bb1 Kg7 50. Qc2 a3 51. Ba2 Qb2 52. Qc4 Qa1+ 53. Kh2
Qe5+ 54. Kg1 Qe7 55. Qg8+ Kf6 56. Qh8+ Kg5 57. Qd4 Kh6 58. Qh8+ Kg5 59. Qd4 Qf8
60. Qe3+ Kf6 61. Qd4+ Kg5 62. Qe3+ Kf6 63. Qd4+ Ke7 64. Qe5+ {Game drawn by
mutual agreement} 1/2-1/2  aics%

[Event "Team 45 45 League T30"]
[Site "Internet Chess Club"]
[Date "2006.04.17"]
[Round "4"]
[White "NoLuckOnlySkill"]
[Black "azbycx"]
[Result "1-0"]
[WhiteElo "1973"]
[BlackElo "1845"]
[TimeControl "2700+45"]

1. e4 c5 2. Nf3 Nf6 3. Nc3 Nc6 4. Bc4 Nxe4 5. Bxf7+ Kxf7 6. Nxe4 e6 7. Nfg5+ Kg8
8. Qf3 Qe7 9. d3 h6 10. Nh3 d5 11. Ng3 Nd4 12. Qd1 e5 13. c3 Nc6 14. Qf3 Qf7 15.
Qe2 Bxh3 16. gxh3 Bd6 17. Rg1 Kh7 18. Rg2 Rhf8 19. Bd2 Qf3 20. O-O-O Qxe2 21.
Nxe2 Rf3 22. Rdg1 Rg8 23. Rg6 Be7 24. Bxh6 gxh6 25. Rxg8 Bg5+ 26. R8xg5 hxg5 27.
Rxg5 Rxf2 28. Ng3 Rxh2 29. Nf5 Rxh3 30. Rg7+ Kh8 31. Rxb7 Rh7 32. Rb5 Rh1+ 33.
Kc2 c4 34. dxc4 dxc4 35. Rc5 Rh2+ 36. Kd1 Rxb2 37. Rxc6 Rxa2 38. Rxc4 a5 39. Re4
a4 40. Rxe5 a3 41. Ra5 Rf2 42. Nd4 a2 43. Nc2 Rf3 44. Kd2 Rf2+ 45. Kd3 Rf4 46.
Rxa2 {Black resigns} 1-0  aics%

[Event "Team 45 45 League T30"]
[Site "Internet Chess Club"]
[Date "2006.04.15"]
[Round "4"]
[White "alexcolins"]
[Black "PUUNTUUPPAAJA"]
[Result "0-1"]
[WhiteElo "1814"]
[BlackElo "1936"]
[TimeControl "2700+45"]

1. d4 Nf6 2. Nf3 g6 3. Nc3 d5 4. Bf4 a6 5. e3 Bg7 6. Be2 O-O 7. Ne5 b6 8. h4 h5
9. g4 hxg4 10. Nxg4 Bxg4 11. Bxg4 Nbd7 12. h5 Nxg4 13. Qxg4 Nf6 14. Qh4 Nxh5 15.
O-O-O e6 16. Qh2 c5 17. Rdg1 cxd4 18. exd4 Nf6 19. Bg5 Re8 20. Bh6 Bf8 21. f4
Rc8 22. f5 exf5 23. Bxf8 Kxf8 24. Qh8+ Ng8 25. Rh7 Qf6 26. Nxd5 Qxh8 27. Rxh8
Re2 28. c3 Kg7 29. Rgh1 g5 30. Nxb6 Rb8 31. Nc4 f6 32. d5 Rd8 33. d6 f4 34.
R1h7+ Kg6 35. Rh1 f3 36. Kd1 g4 37. R8h2 Rxh2 38. Rxh2 g3 39. Rh3 g2 40. Rg3+
Kh5 41. Ke1 Kh4 42. Kf2 Nh6 43. Rxf3 Rg8 44. Kg1 f5 45. Ne3 Rg3 46. Nxg2+ Kg4
47. Rxg3+ Kxg3 48. Ne3 f4 49. Nf5+ Nxf5 50. d7 f3 51. d8=Q f2+ 52. Kf1 Ne3+ 53.
Ke2 f1=Q+ 54. Kxe3 Qe1+ 55. Kd4 Qd1+ 56. Kc4 Qxd8 57. a4 Qc7+ 58. Kb4 Kf3 59. c4
Ke3 60. a5 Kd3 61. b3 Qd6+ 62. c5 Qe7 63. Ka4 Kc3 64. b4 Qe4 {White resigns} 0-1
 aics%

[Event "Team 45 45 League T30"]
[Site "Internet Chess Club"]
[Date "2006.04.17"]
[Round "4"]
[White "jerq"]
[Black "deathmage"]
[Result "1/2-1/2"]
[WhiteElo "1781"]
[BlackElo "1732"]
[TimeControl "2700+45"]

1. e4 e6 2. d4 d5 3. exd5 exd5 4. c4 Nf6 5. Bd3 Be7 6. Ne2 O-O 7. Nbc3 c6 8. O-O
h6 9. Be3 dxc4 10. Bxc4 Bf5 11. d5 cxd5 12. Nxd5 Nc6 13. Nxe7+ Qxe7 14. Nc3 Rfd8
15. Qf3 Bd3 16. Bxd3 Rxd3 17. Rfd1 Rad8 18. Rxd3 Rxd3 19. Rd1 Rxd1+ 20. Qxd1 a6
21. Nd5 Nxd5 22. Qxd5 Qb4 23. Qd2 Qxd2 24. Bxd2 h5 25. Bc3 g6 26. h3 Kf8 27. Bf6
Ke8 28. f3 Kd7 29. g4 Ke6 30. Bc3 hxg4 31. fxg4 f5 32. Kf2 fxg4 33. hxg4 Ne7 34.
Kf3 Nd5 35. Bd4 b5 36. a3 a5 37. Ke4 Nf6+ 38. Kf4 Nd5+ 39. Kg5 Kf7 40. Bc5 a4
41. Bd4 b4 42. Bc5 b3 43. Bd4 Ne7 44. Bc3 Nd5 45. Bd4 Nc7 46. Bc3 Ne6+ 47. Kh4
Ke7 48. Kg3 Kd6 49. Kf3 Kd5 50. Ke3 Ng5 51. Kf4 Ne6+ 52. Ke3 {Game drawn by
mutual agreement} 1/2-1/2  aics%

[Event "Team 45 45 League T30"]
[Site "Internet Chess Club"]
[Date "2006.04.17"]
[Round "4"]
[White "StrayLite"]
[Black "PublisherKing"]
[Result "1-0"]
[WhiteElo "1988"]
[BlackElo "1937"]
[TimeControl "2700+45"]

1. e4 c5 2. Nf3 Nc6 3. d4 cxd4 4. Nxd4 Nf6 5. Nc3 e5 6. Ndb5 d6 7. Bg5 a6 8. Na3
Be7 9. Nc4 b5 10. Bxf6 gxf6 11. Ne3 f5 12. exf5 Bb7 13. Ncd5 Bg5 14. c3 O-O 15.
f6 Bxf6 16. Qg4+ Kh8 17. Qf5 Bg7 18. h4 Ne7 19. Nxe7 Qxe7 20. O-O-O Rfd8 21. Nd5
Bxd5 22. Rxd5 Qe6 23. Bd3 Qg6 24. h5 Qh6+ 25. Kb1 Ra7 26. Be4 Rc7 27. g4 Bf6 28.
Rg1 Bg7 29. g5 Qxh5 30. Rh1 Qg6 31. Rxh7+ Kg8 32. Qxg6 fxg6 33. Bxg6 Rdd7 34.
Rh4 Kf8 35. Kc2 Rc4 36. Rxc4 bxc4 37. b3 cxb3+ 38. axb3 Ke7 39. Be4 Ke6 40. Ra5
Ra7 41. b4 Kd7 42. b5 Kc7 43. Rxa6 Rxa6 44. bxa6 Kb6 45. Bb7 d5 46. Bxd5 Kxa6
47. Kd3 Kb5 48. Ke4 Kc5 49. c4 Kd6 50. Kf5 {Black resigns} 1-0  aics%

[Event "Team 45 45 League T30"]
[Site "Internet Chess Club"]
[Date "2006.04.16"]
[Round "4"]
[White "kabindra"]
[Black "FatManMGS2"]
[Result "1-0"]
[WhiteElo "1878"]
[BlackElo "1911"]
[TimeControl "2700+45"]

1. e4 e5 2. Nf3 Nc6 3. Bb5 a6 4. Ba4 Nf6 5. O-O Be7 6. c3 O-O 7. Re1 d5 8. exd5
Nxd5 9. Bxc6 bxc6 10. Nxe5 Bd6 11. d4 Qh4 12. Nd2 Bf5 13. Ndf3 Qh5 14. Nc4 Bf4
15. Ne3 Be4 16. Nxd5 Bxf3 17. Qxf3 Qxh2+ 18. Kf1 Rae8 19. Ne3 Re6 20. Qh3 Rh6
21. Qxh2 Rxh2 22. Bd2 Re8 23. g3 Bxg3 24. fxg3 Rxd2 25. Nc4 Rde2 26. Rxe2 Rxe2
27. Re1 h5 28. Rxe2 h4 29. gxh4 g5 30. hxg5 f6 31. gxf6 c5 32. dxc5 c6 33. Re7
a5 34. Kg2 a4 35. Kg3 a3 36. bxa3 Kf8 37. Kg4 Kg8 38. Kg5 Kf8 39. Kg6 Kg8 40.
Re8# {Black checkmated} 1-0  aics%

[Event "Team 45 45 League T30"]
[Site "Internet Chess Club"]
[Date "2006.04.17"]
[Round "4"]
[White "chsrules88"]
[Black "NESKAYA"]
[Result "1-0"]
[WhiteElo "1901"]
[BlackElo "1635"]
[TimeControl "2700+45"]

1. e4 e5 2. Nf3 Nf6 3. d4 exd4 4. e5 Nd5 5. Qxd4 Nb6 6. Bf4 Nc6 7. Qe4 Bc5 8.
Bd3 Qe7 9. Nc3 d6 10. exd6 Qxe4+ 11. Nxe4 cxd6 12. Bxd6 Bxd6 13. Nxd6+ Ke7 14.
Nxc8+ Rhxc8 15. O-O-O Kf8 16. Be4 Nb4 17. a3 Nc6 18. Rhe1 g6 19. h4 f5 20. Bxc6
Rxc6 21. Nd4 Rd6 22. Ne6+ Rxe6 23. Rxe6 Rc8 24. Rdd6 Rc7 25. h5 Nc4 26. Rf6+ Kg7
27. Rde6 Nb6 28. hxg6 Nd5 29. Rxf5 Rd7 30. gxh7 Kxh7 31. f4 Kg7 32. g4 b6 33. c4
Nc7 34. Ree5 Kg6 35. Rg5+ Kf6 36. Ref5+ Ke6 37. Rg6+ Ke7 38. Rg7+ Ke8 39. Rxd7
Kxd7 {Black resigns} 1-0  aics%

[Event "Team 45 45 League T30"]
[Site "Internet Chess Club"]
[Date "2006.04.18"]
[Round "4"]
[White "Ingo"]
[Black "Knight-Rookie"]
[Result "1-0"]
[WhiteElo "1674"]
[BlackElo "1533"]
[TimeControl "2700+45"]

1. e4 e5 2. d4 exd4 3. c3 Qe7 4. Qxd4 Nc6 5. Qe3 Nf6 6. Bd3 g6 7. Nf3 Bg7 8.
Nbd2 O-O 9. O-O Re8 10. Nd4 Nxd4 11. cxd4 Ng4 12. Qg3 d6 13. h3 Nf6 14. f4 b6
15. e5 dxe5 16. fxe5 Nd5 17. Qf3 Bb7 18. Bc4 Red8 19. Ne4 Qb4 20. Qxf7+ Kh8 21.
Nd2 Ne3 22. a3 Qf8 23. Qxf8+ Bxf8 24. Rf7 Rxd4 25. Be2 Nxg2 26. Bf3 Bxf3 27.
Nxf3 Rd1+ 28. Kxg2 c5 29. Ng5 h6 30. Ne4 Re1 31. Nf6 Bg7 32. Rxg7 Kxg7 33. Bxh6+
Kxh6 34. Rxe1 Rd8 35. e6 Rd2+ 36. Kg1 Rxb2 37. e7 c4 38. e8=Q Kg5 39. Qe5+
{Black resigns} 1-0  aics%

[Event "Team 45 45 League T30"]
[Site "Internet Chess Club"]
[Date "2006.04.15"]
[Round "4"]
[White "A-Ru"]
[Black "Lipsome123"]
[Result "1-0"]
[WhiteElo "1872"]
[BlackElo "1856"]
[TimeControl "2700+45"]

1. d4 d5 2. Nf3 Nf6 3. e3 e6 4. Bd3 c5 5. b3 Bd6 6. Bb2 O-O 7. O-O Nc6 8. Ne5
cxd4 9. exd4 Qc7 10. Nxc6 Bxh2+ 11. Kh1 bxc6 12. g3 Bxg3 13. fxg3 Qxg3 14. Qf3
Qh4+ 15. Kg2 Qg5+ 16. Qg3 Qxg3+ 17. Kxg3 Ne4+ 18. Bxe4 dxe4 19. Nd2 f5 20. Kf4
Ba6 21. Rg1 Kf7 22. Rg3 h6 23. Rc3 g5+ 24. Ke5 Rad8 25. Rc5 Rd5+ 26. Rxd5 cxd5
27. Rh1 Rh8 28. c4 dxc4 29. Nxc4 Bxc4 30. bxc4 h5 31. Bc1 Kg6 32. Rg1 g4 33.
Kxe6 Rf8 34. Bf4 h4 35. Rh1 h3 36. c5 Kh5 37. c6 Kh4 38. Rg1 e3 39. Bg3+ Kg5 40.
c7 Rf6+ 41. Ke5 Rc6 42. Bf4+ Kg6 43. d5 Rxc7 44. d6 Rc2 45. d7 Rd2 46. Ke6 h2
47. Bxh2 e2 48. Re1 Kg5 49. Bd6 {Black resigns} 1-0  aics%

[Event "Team 45 45 League T30"]
[Site "Internet Chess Club"]
[Date "2006.04.13"]
[Round "4"]
[White "QuantumWell"]
[Black "backfire"]
[Result "1-0"]
[WhiteElo "1967"]
[BlackElo "1723"]
[TimeControl "2700+45"]

1. d4 d5 2. c4 c6 3. Nc3 Nf6 4. Nf3 e6 5. e3 Nbd7 6. Bd3 b6 7. b3 Bd6 8. O-O e5
9. dxe5 Nxe5 10. Nxe5 Bxe5 11. Bb2 O-O 12. f4 Bg4 13. Qd2 Bc7 14. cxd5 Nxd5 15.
Nxd5 cxd5 16. Qc3 f6 17. h3 Be6 18. Rfd1 Qd7 19. f5 Bxf5 20. Bxf5 Bh2+ 21. Kxh2
Qxf5 22. Qc6 Rfd8 23. Rf1 Qg5 24. Qe6+ Kh8 25. Rf5 Re8 26. Qxd5 Qxe3 27. Rxf6
Rad8 28. Qc4 Rc8 29. Rc6 Rxc6 30. Qxc6 {Black resigns} 1-0  aics%